 Dungeon Crawl Stone Soup version 0.21.1-68-g103a7af (webtiles) character file.

149 HandholdingErotica the Poker (level 5, -17/38 HPs)
             Began as a Demonspawn Gladiator on Aug 1, 2018.
             Demolished by an ice beast (20 damage)
             ... on level 2 of the Dungeon.
             The game lasted 00:11:03 (1536 turns).

HandholdingErotica the Poker (Demonspawn Gladiator) Turns: 1536, Time: 00:11:05

Health: -17/38     AC:  6    Str: 15    XL:     5   Next: 9%
Magic:  0/5        EV: 13    Int:  9    God:
Gold:   66         SH:  0    Dex: 15    Spells: 4/4 levels left

rFire    + . .     SeeInvis .   a - +0 trident
rCold    x . .     Gourm    .   (no shield)
rNeg     . . .     Faith    .   e - +0 steam dragon scales
rPois    .         Spirit   +   c - +0 helmet
rElec    .         Reflect  .   (no cloak)
rCorr    .         Harm     .   (no gloves)
MR       .....                  (no boots)
Stlth    +.........             (no amulet)
HPRegen  0.12/turn              o - ring of fire
MPRegen  0.18/turn              (no ring)

@: no status effects
A: magic shield, magic regeneration
a: no special abilities


You were on level 2 of the Dungeon.
You were not hungry.

You visited 1 branch of the dungeon, and saw 3 of its levels.

You collected 66 gold pieces.

Inventory:

Hand Weapons
 a - a +0 trident (weapon)
 i - a +0 hunting sling
Missiles
 d - 2 throwing nets (quivered)
Armour
 b - a +0 leather armour
 c - a +0 helmet (worn)
 e - +0 steam dragon scales (worn)
 j - a +0 helmet
Jewellery
 m - a cursed -3 ring of protection
 o - a ring of fire (left hand)
Potions
 g - a potion of curing
 k - 2 potions of mutation {unknown}
 l - a potion of lignification {unknown}
 n - a potion of brilliance {unknown}
 p - a potion of heal wounds {unknown}
 q - 2 potions of agility {unknown}
Comestibles
 f - 5 rations


   Skills:
 - Level 2.0 Fighting
 + Level 4.9 Polearms
 - Level 1.7 Throwing
 + Level 1.6 Armour
 - Level 2.6 Dodging


You had 4 spell levels left.
You didn't know any spells.

Dungeon Overview and Level Annotations

Branches:
Dungeon (3/15)

Altars:
Ashenzari
Elyvilon
Fedhas
Nemelex Xobeh


Innate Abilities, Weirdness & Mutations

When hurt, damage is shared between your health and your magic reserves.
You regenerate magic rapidly.


Message History

The ice beast is severely wounded.
The ice beast closely misses you.
The orc wizard hits you but does no damage.
The kobold hits you with a dagger.
* * * LOW HITPOINT WARNING * * *
The orc hits you with a flail.
* * * LOW HITPOINT WARNING * * *
Unknown command.
You barely miss the ice beast.
The ice beast is severely wounded.
The ice beast barely misses you. The orc wizard hits you with a dagger.
* * * LOW HITPOINT WARNING * * *
The kobold barely misses you.
You barely miss the ice beast.
The ice beast is severely wounded.
The orc closely misses you. The ice beast hits you.
* * * LOW HITPOINT WARNING * * *
The ice beast freezes you!!
You feel a terrible chill!
Ouch! That really hurt!
You die...

#...((.................##...
#.......................'...
#...............###.#####...
#...................# #...
#..............###### #...
#..............# #...
#..............# #...
#..........KY..# #...
#........[o@o..# #...
#.........)....# #...
#..............# #...
#..............# #...
################ #... #...
#... #... ####


You could see an ice beast, an orc wizard, an orc and a kobold.

Vanquished Creatures
  An orc priest (D:2)
  An orc wizard (D:2)
  An adder (D:2)
  4 oozes (D:1)
  A worm (D:2)
  3 leopard geckos
  3 orcs (D:2)
  4 bats
  4 giant cockroaches (D:1)
  A hobgoblin (D:1)
  6 jackals
  7 kobolds
  4 quokkas (D:2)
  A ball python (D:1)
  2 frilled lizards
  5 goblins
  9 rats
57 creatures vanquished.

Vanquished Creatures (others)
  A fungus (D:2)
1 creature vanquished.

Grand Total: 58 creatures vanquished

Notes
Turn   | Place    | Note
-------+----------+-------------------------------------------
     0 | D:1      | HandholdingErotica the Demonspawn Gladiator began the quest for the Orb.
     0 | D:1      | Reached XP level 1. HP: 16/16 MP: 1/1
     1 | D:1      | Found a runed door.
   154 | D:1      | Reached skill level 3 in Polearms
   224 | D:1      | Gained mutation: When hurt, damage is shared between your health and your magic reserves. [demonic ancestry]
   224 | D:1      | Reached XP level 2. HP: 22/22 MP: 2/2
   231 | D:1      | Found a sparkling altar of Nemelex Xobeh.
   712 | D:1      | Reached XP level 3. HP: 27/27 MP: 3/3
   727 | D:1      | Reached skill level 4 in Polearms
   756 | D:2      | Found a blossoming altar of Fedhas.
   981 | D:2      | Gained mutation: You regenerate magic rapidly. [demonic ancestry]
   981 | D:2      | Reached XP level 4. HP: 33/33 MP: 4/4
  1164 | D:2      | Found a white marble altar of Elyvilon.
  1191 | D:2      | Found a shattered altar of Ashenzari.
  1293 | D:2      | Reached skill level 1 in Armour
  1305 | D:3      | Noticed an ice beast
  1317 | D:2      | Reached XP level 5. HP: 18/38 MP: 3/5
  1536 | D:2      | Demolished by an ice beast

Skill      XL: |  1  2  3  4 |
---------------+-------------+-----
Polearms       | 3 4 |  4.9
Armour         | 1 |  1.6
Fighting       | |  2.0
Throwing       | |  1.7
Dodging        | |  2.6

Action                   |  1- 3 |  4- 6 || total
-------------------------+-------+-------++-------
Melee: Trident           |   143 |    73 ||   216
Throw: Throwing net      |     1 |       ||     1
  Use: Scroll            |       |     2 ||     2
       Potion            |       |     1 ||     1
 Stab: Sleeping          |     1 |     1 ||     2
       Held in net/web   |     1 |       ||     1
  Eat: Ration            |       |     1 ||     1
Armor: Steam dragon scal |    63 |    36 ||    99
Dodge: Dodged            |   130 |    79 ||   209
